 Dungeon Crawl Stone Soup version 0.16.1-12-gf5c4a84 (webtiles) character file.

74 KarvaRausku the Shooter (level 4, 0/36 HPs)
             Began as a Centaur Hunter on Apr 11, 2015.
             Slain by Crazy Yiuf
             ... wielding a +4 quarterstaff of chaos
              (7 damage)
             ... on level 2 of the Dungeon.
             The game lasted 00:03:56 (1139 turns).

KarvaRausku the Shooter (Centaur Hunter)            Turns: 1139, Time: 00:03:57

Health: 0/36       AC:  4    Str: 14    XL:     4   Next: 9%
Magic:  3/3        EV:  9    Int: 10    God:
Gold:   141        SH:  0    Dex: 11    Spells: 0 memorised, 3 levels left

rFire  . . .     SeeInvis .     b - +1 shortbow
rCold  . . .     Clarity  .     d - +0 leather armour
rNeg   . . .     SustAb   .     (no shield)
rPois  .         Gourm    .     (no helmet)
rElec  .         Spirit   .     (no cloak)
rCorr  .         Warding  .     (no gloves)
rMut   .         Stasis   .     (no barding)
MR     .....                    (no amulet)
Stlth  +.........               (no ring)
                                (no ring)

@: lethally poisoned (0 -> -6), very quick, not resistant to hostile
enchantments, very unstealthy
A: hooves 3, deformed body, speed 2, tough skin 3
a: no special abilities


You were on level 2 of the Dungeon.
You were not hungry.

You visited 1 branch of the dungeon, and saw 2 of its levels.

You collected 141 gold pieces.

Inventory:

Hand weapons
 a - a +0 short sword
 b - a +1 shortbow (weapon)
Missiles
 c - 25 arrows (quivered)
Armour
 d - a +0 leather armour (worn)
 e - a +0 ring mail
Jewellery
 i - an uncursed ring of magical power {unknown}
 p - a cursed -2 ring of protection {unknown}
Scrolls
 g - a scroll of amnesia {unknown}
 j - a scroll of remove curse {unknown}
 l - 2 scrolls of immolation {unknown}
 n - 4 scrolls of identify {unknown}
Potions
 k - a potion of agility {unknown}
 o - a potion of curing {unknown}
Comestibles
 f - 2 bread rations
 h - 3 fruits
 m - a beef jerky


   Skills:
 + Level 2.0 Fighting
 + Level 7.2 Bows
 - Level 0.4 Armour
 + Level 1.4 Dodging
 - Level 0.5 Stealth


You had 3 spell levels left.
You didn't know any spells.

Dungeon Overview and Level Annotations

Branches:
Dungeon (2/15)

Altars:

Annotations:
D:2 Crazy Yiuf


Innate Abilities, Weirdness & Mutations

You have hooves in place of feet.
Armour fits poorly on your strangely shaped body.
You cover ground very quickly.
You have extremely tough skin (AC +3).


Message History

You are too injured to fight recklessly!
You are too injured to fight recklessly!
You are too injured to fight recklessly!
You are too injured to fight recklessly!
You are too injured to fight recklessly!
Really attack while wielding your +1 shortbow? [Y]es or [N]o only, please.
Really attack while wielding your +1 shortbow? [Y]es or [N]o only, please.
Really attack while wielding your +1 shortbow? [Y]es or [N]o only, please.
Really attack while wielding your +1 shortbow?
You closely miss Crazy Yiuf. Your kick misses Crazy Yiuf.
Crazy Yiuf is almost dead.
* * * LOW HITPOINT WARNING * * *
You feel sick.
Crazy Yiuf twirls on the spot.
Crazy Yiuf completely misses you.
Crazy Yiuf hits you with a quarterstaff of chaos!
You die...

##......# ♣♣.♣ ##.......#
♣♣.♣♣ #....(...# ♣♣)..♣
###.......#### ♣....♣
##.....#.#..).## #....#
#....#♣.♣.♣....## ##..##
####...............###...#
..#......♣.♣.♣).....###.##
................@g(...)(#
.........♣.♣.♣....(######
##.........#......##
##.......###....##
##...(..### ##.###
.....<.## #.# ♣♣# ..##.#.#
#.# ♣♣♣♣.♣ ####.#.#
#.#♣♣.P.♣♣ # #..#.###
#.#PPP..♣♣♣


You could see Crazy Yiuf.

Vanquished Creatures
  Ijyb (D:2)
  3 adders (D:2)
  A worm (D:2)
  A giant gecko (D:1)
  2 bats
  6 goblins
  A hobgoblin (D:1)
  3 giant newts (D:2)
  4 kobolds
  3 rats (D:1)
25 creatures vanquished.

Notes
Turn   | Place    | Note
--------------------------------------------------------------
     0 | D:1      | KarvaRausku, the Centaur Hunter, began the quest for the Orb.
     0 | D:1      | Reached XP level 1. HP: 17/17 MP: 1/1
    19 | D:1      | Noticed a salamander
    20 | D:1      | Noticed a four-headed hydra
    58 | D:1      | Noticed a polar bear
   293 | D:1      | Reached XP level 2. HP: 24/24 MP: 2/2
   610 | D:2      | Reached skill level 6 in Bows
   702 | D:2      | Noticed Ijyb
   716 | D:2      | Killed Ijyb
   716 | D:2      | Reached XP level 3. HP: 29/29 MP: 3/3
   766 | D:2      | Reached skill level 7 in Bows
   798 | D:2      | Reached XP level 4. HP: 34/36 MP: 3/3
  1103 | D:2      | Noticed Crazy Yiuf
  1139 | D:2      | Slain by Crazy Yiuf

Action                   |  1- 3 |  4- 6 || total
-------------------------+-------+-------++-------
Melee: Shortbow          |       |     1 ||     1
 Fire: Shortbow          |    72 |    21 ||    93
